AoeStats
← 海峡

Fortress

509321603Analyzed
2v2 RM · 7d ago on Sep 26, 2026· 43m 20s· 4 players
Game mode
Random Map
Map size
Normal (6 player)
Population
200
Speed
Normal
Resources
Standard
Victory
Conquest
Starting age
Dark Age
Ending age
Imperial Age
RankedLock teamsTeams togetherTeam positionsShared explorationLock speedFull tech treeHidden civsTurbo modeCheats
Victory
Defeat
🇨🇳 Danes · China
1417
+13
🇨🇳 Mongols · China
1221
+22
🇨🇦 Britons · Canada
1387
-19
🇨🇳 Wu · China
1316
-16
海峡
7:34 Feudal Age
8:29 Double-Bit Axe
11:12 Castle Age
8:59 Horse Collar
9:29 Double-Bit Axe
12:09 Bow Saw
14:21 Loom
17:50 Wheelbarrow
17:27 Heavy Plow
20:47 Stone Mining
20:47 Gold Mining
21:32 Hand Cart
22:48 Loom
22:48 Town Watch
23:19 Scale Mail Armor
23:30 Fletching
26:35 Imperial Age
24:27 Masonry
24:40 Chain Mail Armor
24:31 Bodkin Arrow
24:51 Squires
24:36 Gambesons
24:36 Arson
25:45 Hamask
26:38 Forging
27:52 Plate Mail Armor
27:49 Conscription
28:43 Gold Shaft Mining
28:43 Stone Shaft Mining
28:49 Iron Casting
29:17 Elite Jomsviking
31:25 Blast Furnace
30:16 Elite Varangian Guard
32:39 Ballistics
33:19 Chemistry
32:25 Siege Engineers
32:48 Bracer
32:49 Padded Archer Armor
33:22 Guard Tower
33:18 Arrowslits
37:52 Keep
37:56 Leather Archer Armor
37:47 Scale Barding Armor
38:01 Murder Holes
37:32 Capped Ram
38:08 Onager
39:23 Ring Archer Armor
38:17 Heavy Scorpion
39:27 Caravan
39:47 Town Patrol
39:31 Siege Ram
39:32 Siege Onager
39:36 Northmen's Fury
40:52 Hoardings
还有遗憾吗
6:22 Feudal Age
11:33 Castle Age
9:36 Double-Bit Axe
12:24 Horse Collar
12:38 Loom
12:58 Stone Mining
13:01 Gold Mining
19:28 Stone Mining
25:46 Imperial Age
23:52 Wheelbarrow
23:02 Town Watch
24:32 Fletching
24:42 Padded Archer Armor
25:05 Bow Saw
25:32 Bodkin Arrow
26:46 Gold Shaft Mining
26:22 Heavy Plow
26:56 Conscription
26:39 Bracer
26:55 Leather Archer Armor
26:54 Fortified Wall
27:41 Stone Shaft Mining
29:12 Chemistry
30:09 Forging
30:05 Scale Barding Armor
30:13 Husbandry
30:23 Bloodlines
30:41 Thumb Ring
31:14 Ballistics
30:16 Elite Mangudai
32:59 Parthian Tactics
34:06 Iron Casting
33:51 Chain Barding Armor
34:10 Iron Casting
33:38 Murder Holes
33:53 Masonry
33:42 Murder Holes
35:14 Hoardings
34:10 Light Cavalry
35:32 Hussar
37:28 Blast Furnace
Jaha
6:30 Feudal Age
11:15 Castle Age
9:31 Double-Bit Axe
9:35 Horse Collar
12:03 Wheelbarrow
12:17 Bow Saw
14:50 Fervor
17:20 Loom
19:10 Fletching
20:56 Gold Mining
24:20 Imperial Age
22:36 Town Watch
23:27 Ballistics
23:07 Stone Mining
23:26 Bodkin Arrow
24:07 Padded Archer Armor
24:33 Fortified Wall
25:25 Bracer
25:16 Onager
26:32 Conscription
27:19 Yeomen
29:20 Leather Archer Armor
30:45 Chemistry
32:57 Two-Man Saw
32:24 Elite Longbowman
34:26 Ring Archer Armor
36:12 Scale Barding Armor
36:29 Forging
36:43 Warwolf
36:13 Light Cavalry
36:54 Husbandry
37:28 Chain Barding Armor
37:13 Pikeman
38:06 Squires
40:43 Siege Engineers
42:07 Halberdier
1979Old-Wang
0:28 Loom
6:07 Feudal Age
6:39 Double-Bit Axe
8:21 Horse Collar
15:14 Castle Age
13:32 Gold Mining
14:00 Fletching
14:10 Padded Archer Armor
14:14 Stone Mining
15:55 Bodkin Arrow
16:05 Squires
16:30 Bow Saw
21:33 Red Cliffs Tactics
25:59 Wheelbarrow
29:58 Imperial Age
29:21 Leather Archer Armor
29:30 Ballistics
29:50 Gold Shaft Mining
31:33 Bracer
32:26 Onager
33:10 Murder Holes
33:26 Masonry
34:25 Conscription
35:14 Two-Man Saw
33:40 Crossbowman
34:29 Arbalester
37:42 Chemistry
37:13 Hand Cart
39:25 Sitting Tiger
41:04 Elite Skirmisher
Connection lost

Rejoining the realm…

Still unreachable

The connection could not be restored.

Session expired

The server has moved on; the page needs a fresh start.